 Dungeon Crawl Stone Soup version 0.29.1-1-gd02db6906a (webtiles) character file.

Game seed: 4976738729769966862

1757 hawla the Frost Mage (level 9, 0/62 HPs)
             Began as a Meteoran Air Elementalist on Oct 13, 2022.
             Slain by ChongLi's ghost (6 damage)
             ... on level 5 of the Dungeon.
             The game lasted 00:13:33 (2878 turns).

hawla the Frost Mage (Meteoran Air Elementalist)    Turns: 2878, Time: 00:13:33

Health: 0/62       AC:  8    Str: 10    XL:     9   Next: 52%
Magic:  1/16       EV: 13    Int: 20    God:
Gold:   206        SH:  0    Dex: 16    Spells: 3/17 levels left

rFire   + + .      SeeInvis .   n - +8 hammer "Iphaejuc" {vorpal, rElec rPois rF+ Will+}
rCold   + . .      Faith    .   (no shield)
rNeg    . . .      Spirit   .   a - +1 robe
rPois   +          Reflect  .   s - +2 helmet
rElec   +          Harm     .   r - +0 cloak
rCorr   +          Rampage  .   (no gloves)
Will    ++...                   h - +0 pair of boots
Stlth   +.........              (no amulet)
HPRegen 0.20/turn               (no ring)
MPRegen 0.15/turn               (no ring)

@: lethally poisoned (0 -> -1), resistant, glowing
A: sense surroundings 2, otherworldly, glowing, explore regen
a: no special abilities


You were on level 5 of the Dungeon.
You visited 2 branches of the dungeon, and saw 6 of its levels.

You collected 206 gold pieces.

Inventory:

Hand Weapons
 n - the +8 hammer "Iphaejuc" (weapon) {vorpal, rElec rPois rF+ Will+}
   (You found it on level 2 of the Dungeon)

   It inflicts extra damage upon your enemies.
   rF:        It protects you from fire.
   rElec:     It insulates you from electricity.
   rPois:     It protects you from poison.
   Will:      It increases your willpower.
Armour
 a - a +1 robe (worn)
 h - a +0 pair of boots (worn)
 r - a +0 cloak (worn)
 s - a +2 helmet (worn)
Jewellery
 i - an amulet of the acrobat
Wands
 o - a wand of flame (19)
 q - a wand of paralysis (7)
Scrolls
 b - 2 scrolls of identify
 g - 2 scrolls of enchant armour
Potions
 c - a potion of haste {unknown}
 d - a potion of heal wounds
 e - 5 potions of curing {unknown}
 f - a potion of ambrosia
 j - 3 potions of resistance
 l - 3 potions of brilliance {unknown}
 m - 3 potions of flight {unknown}


   Skills:
 - Level 0.1 Fighting
 - Level 1.3 Maces & Flails
 - Level 2.9 Dodging
 - Level 1.5 Stealth
 - Level 4.6 Spellcasting
 - Level 3.1 Conjurations
 + Level 10.0 Ice Magic
 - Level 6.8 Air Magic


You had 3 spell levels left.
You knew the following spells:

 Your Spells              Type           Power      Damage    Failure   Level
a - Shock                 Conj/Air       96%        1d9       1%          1
b - Static Discharge      Conj/Air       24%        3-6/arc   2%          2
c - Airstrike             Air            15%        2d(3-19)  8%          4
d - Ozocubu's Refrigerat  Ice            22%        4d12      86%         7

Your spell library contained the following spells:

 Spells                   Type           Power      Damage    Failure   Level
 Ozocubu's Armour         Ice            44%        N/A       1%          3
 Swiftness                Air            31%        N/A       2%          3


Dungeon Overview and Level Annotations

Branches:
Dungeon (5/15) Zot: 239    Temple (1/1) D:5 Zot: 468

Altars:
Ashenzari
Cheibriados
Dithmenos
Elyvilon
Fedhas
Gozag
Hepliaklqana
Kikubaaqudgha
Makhleb
Nemelex Xobeh
Okawaru
Qazlal
Sif Muna
Trog
Xom

Annotations:
D:5 1 transporter, ChongLi's ghost, novice HuFi


Innate Abilities, Weirdness & Mutations

You passively map the area around you.
You are easily found by Zot.
You glow in the dark.
You regain HP and MP as you explore.


Message History

Press: ? - help, Dir - move target, f - killer bee
Aim: a killer bee (empty space bonus: 2/8)
The air twists around and strikes the killer bee!
The killer bee is almost dead.
The killer bee stings you.
You are poisoned.
The killer bee poisons you! ChongLi's ghost misses you.
The killer bee closely misses you.
Casting: Airstrike (dangerous; 8% risk of failure)
Confirm with . or Enter, or press ? or * to list all spells.
Aiming: Airstrike (dangerous; 8% risk of failure)
Press: ? - help, Dir - move target, f - ChongLi's ghost, p - killer bee
Aim: ChongLi's ghost (heavily damaged, empty space bonus: 2/8)
The air twists around and strikes ChongLi's ghost but does no damage.
You feel sick.
The killer bee stings you but does no damage.
ChongLi's ghost hits you. The killer bee closely misses you.
Okay, then.
Okay, then.
It was a potion of resistance.
You feel protected.
You feel sick. The killer bee completely misses you.
ChongLi's ghost hits you but does no damage.
The killer bee closely misses you.
You sock ChongLi's ghost!
ChongLi's ghost is almost destroyed.
You feel sick.
The killer bee stings you but does no damage.
ChongLi's ghost closely misses you.
You hit ChongLi's ghost but do no damage.
ChongLi's ghost is almost destroyed.
You feel sick.
The killer bee stings you but does no damage.
The killer bee stings you. x2; The killer bee closely misses you.
ChongLi's ghost hits you!
* * * LOW HITPOINT WARNING * * *
The killer bee stings you.
* * * LOW HITPOINT WARNING * * *
The killer bee barely misses you. ChongLi's ghost hits you.
You die...

############
#..........########
##.#.......©.......##
#....#############..##
#...### #..@y.#####..#
#..###...#.yW#!#.###.#
#..##.!#..###y.#.y##.#
######..###.#.#.. #...###.##
.....<...# ### #..#####...#
........### #.# ..#y#.###..#
(..####.##..#..###..#..##..#
...# #.# #...#...#...###..#
...# #.. ###.=yy?#####...#


You could see 3 killer bees and ChongLi's ghost.

Vanquished Creatures
  A two-headed ogre (D:5)
  Grinder (D:3)
  Menkaure (D:5)
  A black bear (D:4)
  An ogre (D:4)
  3 scorpions
  A killer bee (D:5)
  Crazy Yiuf (D:2)
  2 hounds
  A jelly (D:4)
  2 orc priests (D:5)
  Jessica (D:2)
  An iguana (D:5)
  Natasha (D:3)
  Robin (D:2)
  9 adders
  2 white imps (D:5)
  3 dart slugs (D:1)
  8 orcs
  8 endoplasms
  4 giant cockroaches
  7 hobgoblins
  3 jackals (D:1)
  6 quokkas
  5 ball pythons
  5 bats
  2 frilled lizards (D:1)
  12 goblins
  9 kobolds
  10 rats
112 creatures vanquished.

Notes
Turn   | Place    | Note
-------+----------+-------------------------------------------
     0 | D:1      | hawla the Meteoran Air Elementalist began the quest for the
                  | Orb.
     0 | D:1      | Reached XP level 1. HP: 14/14 MP: 5/5
    56 | D:1      | Found a faded altar of an unknown god.
    60 | D:1      | Reached XP level 2. HP: 20/20 MP: 1/6
    64 | D:1      | Learned a level 2 spell: Static Discharge
   227 | D:1      | Reached XP level 3. HP: 26/26 MP: 2/8
   500 | D:1      | Glimpsed the power of Zot.
   577 | D:2      | Reached XP level 4. HP: 26/33 MP: 2/9
   582 | D:2      | Learned a level 4 spell: Airstrike
   643 | D:2      | Found a runed translucent door.
   644 | D:2      | Noticed Crazy Yiuf
   650 | D:2      | Killed Crazy Yiuf
   651 | D:2      | Reached skill level 5 in Air Magic
   652 | D:2      | Identified the +8 hammer "Iphaejuc" {vorpal, rElec rPois
                  | rF+ Will+}
   706 | D:2      | Noticed Robin
   710 | D:2      | Reached XP level 5. HP: 34/38 MP: 5/10
   710 | D:2      | Killed Robin
   795 | D:2      | Noticed Jessica
   803 | D:2      | Killed Jessica
   977 | D:2      | Reached XP level 6. HP: 45/45 MP: 7/12
  1097 | D:2      | Glimpsed the power of Zot.
  1147 | D:2      | Glimpsed the power of Zot.
  1174 | D:3      | Noticed Grinder
  1185 | D:3      | Paralysed by Grinder for 2 turns
  1189 | D:3      | Killed Grinder
  1190 | D:3      | Reached skill level 1 in Maces & Flails
  1190 | D:3      | Reached XP level 7. HP: 44/50 MP: 1/14
  1198 | D:3      | Learned a level 7 spell: Ozocubu's Refrigeration
  1318 | D:3      | Found a burning altar of Makhleb.
  1424 | D:3      | Noticed Natasha
  1431 | D:3      | Killed Natasha
  1432 | D:3      | Reached skill level 1 in Ice Magic
  1695 | D:3      | Glimpsed the power of Zot.
  1758 | D:4      | Reached skill level 2 in Ice Magic
  1819 | D:4      | Reached skill level 3 in Ice Magic
  1887 | D:4      | Reached skill level 4 in Ice Magic
  1887 | D:4      | Reached XP level 8. HP: 57/57 MP: 12/15
  2250 | D:4      | Reached skill level 5 in Ice Magic
  2293 | D:4      | Glimpsed the power of Zot.
  2307 | D:5      | Entered Level 5 of the Dungeon
  2361 | D:5      | Reached skill level 6 in Ice Magic
  2394 | D:5      | Found a staircase to the Ecumenical Temple.
  2397 | D:5      | Noticed a two-headed ogre
  2415 | D:5      | Killed a two-headed ogre
  2416 | D:5      | Reached skill level 9 in Ice Magic
  2416 | D:5      | Gained mutation: You passively map the area around you.
                  | [Meteoran growth]
  2416 | D:5      | Reached XP level 9. HP: 34/62 MP: 0/16
  2560 | Temple   | Entered the Ecumenical Temple
  2846 | D:5      | Noticed Menkaure
  2853 | D:5      | Killed Menkaure
  2858 | D:5      | Found a transporter.
  2863 | D:5      | Found a transporter.
  2871 | D:5      | Noticed ChongLi's ghost (novice HuFi)
  2874 | D:5      | Reached skill level 10 in Ice Magic
  2878 | D:5      | Slain by ChongLi's ghost

Illustrated notes

Levels and vault maps discovered:
D:1:      dpeg_arrival_tiny_a, layout_basic, hellmonk_ecumenical_altar_run_dry,
          minivault_27
D:2:      layout_basic, uniq_robin, uniq_crazy_yiuf_cottage, uniq_jessica
D:3:      minmay_general_purpose_star, layout_basic, bloody_makhleb,
          bh_walls_and_bars, uniq_grinder, uniq_natasha
D:4:      layout_loops_ring, minmay_cupped
D:5:      layout_rooms, minmay_temple_entry_mini_moons, gammafunk_ghost_hive,
          uniq_pikel, uniq_menkaure
Temple:   nicolae_temple_superstar

Skill      XL: |  1  2  3  4  5  6  7  8  9 |
---------------+----------------------------+-----
Air Magic      | 4 5 6 |  6.8
Spellcasting   | 3 4 |  4.6
Conjurations   | 2 3 |  3.1
Maces & Flails | 1 |  1.3
Ice Magic      | 4 9 10 | 10.0
Fighting       | |  0.1
Dodging        | |  2.9
Stealth        | |  1.5

Action                   |  1- 3 |  4- 6 |  7- 9 || total
-------------------------+-------+-------+-------++-------
Melee: Unarmed           |     5 |       |       ||     5
       Mace              |       |     9 |    33 ||    42
       Punch             |       |       |     1 ||     1
 Cast: Shock             |    44 |    21 |    40 ||   105
       Static Discharge  |     7 |     9 |    21 ||    37
       Airstrike         |       |     7 |    16 ||    23
  Use: Scroll            |       |     7 |     4 ||    11
       Potion            |       |       |     3 ||     3
Armor: Robe              |     7 |    10 |    29 ||    46
Dodge: Dodged            |     9 |    12 |    37 ||    58
